 Dungeon Crawl Stone Soup version 0.27-a0-1206-g6342a01c75 (webtiles) character file.

Game seed: 4025961375666687343

403 Johnny the Magician (level 6, -2/33 (38) HPs)
             Began as a Deep Elf Earth Elementalist on June 5, 2021.
             Slain by a wight
             ... wielding a +3 short sword
              (4 damage)
             ... on level 5 of the Dungeon.
             The game lasted 00:02:35 (3768 turns).

Johnny the Magician (Deep Elf Earth Elementalist)   Turns: 3768, Time: 00:02:36

HP:   -2/33 (38)    AC:  2    Str:  5    XL:     6   Next: 55%
MP:   20/25         EV: 12    Int: 22    God:
Gold: 158           SH:  0    Dex: 15    Spells: 14/15 levels left

rFire    . . .     SeeInvis +   a - +2 short sword (protect)
rCold    . . .     Faith    .   (no shield)
rNeg     . . .     Spirit   .   c - +0 robe
rPois    .         Reflect  .   (no helmet)
rElec    .         Harm     .   (no cloak)
rCorr    .         Rampage  .   (no gloves)
Will     .....                  (no boots)
Stlth    ++........             (no amulet)
HPRegen  0.11/turn              n - ring of see invisible
MPRegen  0.19/turn              o - ring of magical power

@: heavily drained
A: no striking features
a: no special abilities


You were on level 5 of the Dungeon.
You visited 1 branch of the dungeon, and saw 5 of its levels.
You also visited: Sewer.

You collected 158 gold pieces.

Inventory:

Hand Weapons
 a - a +2 short sword of protection (weapon)
Missiles
 b - 102 stones
Armour
 c - a +0 robe (worn)
Jewellery
 n - a ring of see invisible (left hand)
 o - a ring of magical power (right hand)
Wands
 l - a wand of iceblast (6)
Scrolls
 d - 2 scrolls of noise {unknown}
 e - a scroll of fog {unknown}
 f - 2 scrolls of teleportation {unknown}
 g - a scroll of vulnerability {unknown}
 h - 3 scrolls of amnesia {unknown}
 i - a scroll of identify {unknown}
 k - 2 scrolls of magic mapping {unknown}
 m - 2 scrolls of blinking {unknown}
 p - a scroll of enchant weapon {unknown}
Potions
 j - a potion of flight {unknown}


   Skills:
 * Level 3.8 Fighting
 - Level 2.4 Dodging
 - Level 2.4 Stealth
 + Level 5.3 Spellcasting
 - Level 1.1 Transmutations
 + Level 4.9 Earth Magic


You had 14 spell levels left.
You knew the following spells:

 Your Spells              Type           Power      Damage    Failure   Level
a - Sandblast             Erth           54%        2d13      1%          1

Your spell library contained the following spells:

 Spells                   Type           Power      Damage    Failure   Level
 Passwall                 Tmut/Erth      15%        N/A       4%          2
 Magic Dart               Conj           20%        1d4       10%         1
 Stone Arrow              Conj/Erth      32%        3d9       11%         3
 Searing Ray              Conj           10%        3d3       14%         2
 Dazzling Flash           Conj/Hex       10%        N/A       28%         3
 Petrify                  Tmut/Erth      19%        N/A       28%         4
 Lee's Rapid Deconstruct  Erth           13%        3d10*     34%         5
 Fulminant Prism          Conj/Hex       2%         3d6       67%         4
 Iskenderun's Mystic Bla  Conj/Tloc      5%         2d3       67%         4
 Bolt of Magma            Conj/Fire/Erth 6%         4d6       80%         5
 Iskenderun's Battlesphe  Conj           5%         2d6       95%         5
 Iron Shot                Conj/Erth      8%         9d3       99%         6
 Orb of Destruction       Conj           2%         9d1       100%        7
 Spellforged Servitor     Conj/Summ      2%         N/A       100%        7


Dungeon Overview and Level Annotations

Branches:
Dungeon (6/15)              Sewer (visited)
 Temple: D:4-7

Altars:
Ru
Uskayaw


Message History

Unknown command.
Unknown command.
Unknown command.
Unknown command.
There is a stone staircase leading up here.
You climb upwards.
There is a stone staircase leading down here.
Casting: Sandblast (safe; 1% risk of failure)
Confirm with . or Enter, or press ? or * to list all spells.
Aiming: Sandblast (safe; 1% risk of failure)
Press: ? - help, Shift-Dir - straight line, f - wight
Aim: a wight, wielding a +3 short sword and wearing a +0 plate armour (88% to hit)
The blast of sand hits the wight but does no damage.
The wight closely misses you.
Casting: Sandblast (safe; 1% risk of failure)
Confirm with . or Enter, or press ? or * to list all spells.
Aiming: Sandblast (safe; 1% risk of failure)
Press: ? - help, Shift-Dir - straight line, f/p - wight
Aim: a wight, wielding a +3 short sword and wearing a +0 plate armour (88% to hit)
The blast of sand hits the wight but does no damage.
The wight misses you.
Casting: Sandblast (safe; 1% risk of failure)
Confirm with . or Enter, or press ? or * to list all spells.
Aiming: Sandblast (safe; 1% risk of failure)
Press: ? - help, Shift-Dir - straight line, f/p - wight
Aim: a wight, wielding a +3 short sword and wearing a +0 plate armour (88% to hit)
The blast of sand hits the wight but does no damage.
The wight hits you with a +3 short sword!
You feel drained.
* * * LOW HITPOINT WARNING * * *
Casting: Sandblast (safe; 1% risk of failure)
Confirm with . or Enter, or press ? or * to list all spells.
Aiming: Sandblast (safe; 1% risk of failure)
Press: ? - help, Shift-Dir - straight line, f/p - wight
Aim: a wight, wielding a +3 short sword and wearing a +0 plate armour (88% to hit)
The blast of sand misses the wight.
The wight hits you with a +3 short sword!
* * * LOW HITPOINT WARNING * * *
You feel drained.
You die...

### ..# ..
####.#####
##........#
#.........#
#.z@....#
##........#
###.....##
.......
#......
......
..###. .##


You could see a wight.

Vanquished Creatures
  2 bullfrogs (Sewer)
  3 wights (D:6)
  An iguana (D:2)
  Natasha (D:2)
  4 adders
  A worm (D:2)
  A dart slug (D:1)
  8 ball pythons
  4 bats
  4 endoplasms
  6 giant cockroaches
  3 goblins
  3 hobgoblins
  5 quokkas
  9 frilled lizards
  3 kobolds
  5 rats
63 creatures vanquished.

Notes
Turn   | Place    | Note
-------+----------+-------------------------------------------
     0 | D:1      | Johnny the Deep Elf Earth Elementalist began the quest for
                  | the Orb.
     0 | D:1      | Reached XP level 1. HP: 10/10 MP: 6/6
   203 | D:1      | Reached XP level 2. HP: 12/16 MP: 8/8
   383 | D:1      | Reached skill level 1 in Fighting
  1033 | D:2      | Reached XP level 3. HP: 9/21 MP: 7/10
  1345 | D:2      | Found a sacrificial altar of Ru.
  1576 | D:2      | Found a faded altar of an unknown god.
  1905 | D:2      | Reached XP level 4. HP: 26/26 MP: 11/11
  1982 | D:2      | Noticed Natasha
  1985 | D:2      | Killed Natasha
  1986 | D:2      | Reached skill level 4 in Spellcasting
  2313 | D:3      | Found a hide-covered altar of Uskayaw.
  2876 | D:3      | Found a glowing drain.
  2893 | Sewer    | Entered a sewer
  3060 | Sewer    | Noticed a bullfrog
  3065 | Sewer    | Noticed a bullfrog
  3067 | Sewer    | Killed a bullfrog
  3068 | Sewer    | Reached XP level 5. HP: 26/32 MP: 9/13
  3185 | Sewer    | Reached XP level 6. HP: 37/37 MP: 11/15
  3518 | D:3      | You fall into a shaft and drop 3 floors!
  3535 | D:6      | Reached skill level 5 in Spellcasting
  3764 | D:5      | Entered Level 5 of the Dungeon
  3768 | D:5      | Slain by a wight

Illustrated notes

Levels and vault maps discovered:
D:1:      minmay_arrival_four_circles, layout_basic,
          wander_ebering_terrifying_dragon_lair
D:2:      layout_loops_ring, chequers_ecumenical_altar_island, basic_altar,
          uniq_natasha
D:3:      layout_basic, nicolae_overflow_crystal_walls, portal_sewer_entry_d,
          chequers_serial_rivers_micro_d, minmay_misc_feat_room
D:5:      minmay_recursive_quarters, layout_cave_pools, serial_gnoll_camp,
          gnoll_camp_mini_loothouse, gnoll_camp_huts_basic, grums_kennel,
          gnoll_camp_mini_doghouse
D:6:      layout_loops_ring, overflow_temple_1_default, lemuel_round_altar

Skill      XL: |  1  2  3  4  5  6 |
---------------+-------------------+-----
Fighting       | 1 2 3 |  3.8
Spellcasting   | 4 5 |  5.3
Earth Magic    | 4 |  4.9
Dodging        | |  2.4
Stealth        | |  2.4
Transmutations | |  1.1

Action                   |  1- 3 |  4- 6 || total
-------------------------+-------+-------++-------
Melee: Short sword       |    73 |    67 ||   140
 Cast: Sandblast         |     9 |    41 ||    50
 Stab: Sleeping          |     9 |     4 ||    13
Armor: Robe              |    22 |    21 ||    43
Dodge: Dodged            |    49 |    68 ||   117

Table legend: (Time is in decaauts)
 A = Elapsed time spent in this place.
 B = Non-inter-level travel time spent in this place.
 C = Inter-level travel time spent in this place.
 D = Time resting spent in this place.
 E = Time spent auto-exploring this place.
 F = Levels seen in this place.
 G = Mean time per level.
                   A        B        C        D        E       F      G
               +--------+--------+--------+--------+--------+-----+--------+
         Total |   3856 |   3812 |     44 |    223 |   3039 |   6 |  642.7 |
       Dungeon |   3250 |   3206 |     44 |    186 |   2647 |   5 |  650.0 |
         Sewer |    605 |    605 |      0 |     37 |    392 |   1 |  605.0 |
               +--------+--------+--------+--------+--------+-----+--------+

Top non-repeatable levels by time:
     D:2: 1205 daAuts
     D:1: 1003 daAuts
     D:3: 792 daAuts
   Sewer: 605 daAuts
     D:6: 245 daAuts
     D:5: 3 daAuts
